 Dungeon Crawl Stone Soup version 0.28.0-43-g3370ac3207 (webtiles) character file.

Game seed: 16578861885306171

19 protoss039 the Digger (level 2, -5/15 HPs)
             Began as a Deep Elf Earth Elementalist on Mar 7, 2022.
             Slain by a kobold
             ... wielding a +2 short sword of protection
              (6 damage)
             ... on level 2 of the Dungeon.
             The game lasted 00:02:16 (914 turns).

protoss039 the Digger (Deep Elf Earth Elementalist)  Turns: 914, Time: 00:02:17

Health: -5/15      AC:  2    Str:  5    XL:     2   Next: 55%
Magic:  3/8        EV: 12    Int: 19    God:
Gold:   31         SH:  0    Dex: 15    Spells: 5/8 levels left

rFire   . . .      SeeInvis .   a - +0 short sword
rCold   . . .      Faith    .   (no shield)
rNeg    . . .      Spirit   .   b - +0 robe
rPois   .          Reflect  .   (no helmet)
rElec   .          Harm     .   (no cloak)
rCorr   .          Rampage  .   (no gloves)
Will    .....                   (no boots)
Stlth   ++........              (no amulet)
HPRegen 0.05/turn               (no ring)
MPRegen 0.11/turn               (no ring)

@: no status effects
A: no striking features
a: no special abilities


You were on level 2 of the Dungeon.
You visited 1 branch of the dungeon, and saw 2 of its levels.

You collected 31 gold pieces.

Inventory:

Hand Weapons
 a - a +0 short sword (weapon)
Missiles
 c - 64 stones
Armour
 b - a +0 robe (worn)
Scrolls
 e - a scroll of identify {unknown}
 f - a scroll of enchant weapon {unknown}
Potions
 d - a potion of brilliance {unknown}


   Skills:
 - Level 2.4 Dodging
 - Level 2.4 Stealth
 + Level 3.5 Spellcasting
 + Level 1.1 Transmutations
 + Level 4.0 Earth Magic


You had 5 spell levels left.
You knew the following spells:

 Your Spells              Type           Power      Damage    Failure   Level
a - Sandblast             Erth           36%        2d10      2%          1
b - Passwall              Tmut/Erth      10%        N/A       8%          2

Your spell library contained the following spells:

 Spells                   Type           Power      Damage    Failure   Level
 Sting                    Tmut/Pois      20%        1d4       12%         1
 Stone Arrow              Conj/Erth      22%        3d8       19%         3
 Poisonous Vapours        Pois/Air       6%         N/A       22%         2
 Petrify                  Tmut/Erth      13%        N/A       45%         4
 Olgreb's Toxic Radiance  Pois           3%         N/A       82%         4


Dungeon Overview and Level Annotations

Branches:
Dungeon (2/15)

Altars:

Annotations:
D:1 1 exclusion
D:2 Sigmund, Terence


Message History

Here: a kobold, wielding a +2 short sword of protection A stone staircase leading up.
Casting: Sandblast (safe; 2% risk of failure)
Confirm with . or Enter, or press ? or * to list all spells.
Aiming: Sandblast (safe; 2% risk of failure)
Press: ? - help, Shift-Dir - straight line, f - kobold
Aim: a kobold, wielding a +2 short sword of protection (74% to hit)
The blast of sand hits the endoplasm!
You kill the endoplasm!
Casting: Sandblast (safe; 2% risk of failure)
Confirm with . or Enter, or press ? or * to list all spells.
Aiming: Sandblast (safe; 2% risk of failure)
Press: ? - help, Shift-Dir - straight line, f/p - kobold
Aim: a kobold, wielding a +2 short sword of protection (74% to hit)
The blast of sand misses the kobold.
The kobold barely misses you.
Casting: Sandblast (safe; 2% risk of failure)
Confirm with . or Enter, or press ? or * to list all spells.
Aiming: Sandblast (safe; 2% risk of failure)
Press: ? - help, Shift-Dir - straight line, f/p - kobold
Aim: a kobold, wielding a +2 short sword of protection (74% to hit)
The blast of sand hits the kobold but does no damage.
The kobold hits you with a +2 short sword of protection.
* * * LOW HITPOINT WARNING * * *
Casting: Sandblast (safe; 2% risk of failure)
Confirm with . or Enter, or press ? or * to list all spells.
Aiming: Sandblast (safe; 2% risk of failure)
Press: ? - help, Shift-Dir - straight line, f/p - kobold
Aim: a kobold, wielding a +2 short sword of protection (74% to hit)
The blast of sand misses the kobold.
The kobold hits you with a +2 short sword of protection.
* * * LOW HITPOINT WARNING * * *
Sigmund shouts!
Casting: Sandblast (safe; 2% risk of failure)
Confirm with . or Enter, or press ? or * to list all spells.
Aiming: Sandblast (safe; 2% risk of failure)
Press: ? - help, Shift-Dir - straight line, f/p - kobold
Aim: a kobold, wielding a +2 short sword of protection (74% to hit)
The blast of sand hits the kobold but does no damage.
The kobold hits you with a +2 short sword of protection.
You die...

..#....
.........
........
...K.... ......
#..J#
#.##.).#########
#...$#.......@.#
#....#.###.#K#
#.####J###.#.#
.. #.##..#.## #
#g#@...<.#
#.#..##..#
#........#
###....#.#
#.##.#.#


You could see Sigmund and a kobold.

Vanquished Creatures
  2 ball pythons (D:1)
  A bat (D:1)
  3 endoplasms
  2 giant cockroaches (D:1)
  3 goblins (D:1)
  A hobgoblin (D:1)
  2 quokkas (D:1)
14 creatures vanquished.

Notes
Turn   | Place    | Note
-------+----------+-------------------------------------------
     0 | D:1      | protoss039 the Deep Elf Earth Elementalist began the quest
                  | for the Orb.
     0 | D:1      | Reached XP level 1. HP: 10/10 MP: 6/6
   267 | D:1      | Found a faded altar of an unknown god.
   277 | D:1      | Reached XP level 2. HP: 12/15 MP: 6/8
   333 | D:1      | Learned a level 2 spell: Passwall
   711 | D:1      | Reached skill level 4 in Earth Magic
   739 | D:2      | Noticed Terence
   773 | D:2      | Noticed Sigmund
   914 | D:2      | Slain by a kobold

Illustrated notes

Levels and vault maps discovered:
D:1:      dpeg_arrival_three_same_balls, layout_rooms, basic_ecumenical_altar
D:2:      layout_loops_cross, uniq_sigmund, uniq_jessica, uniq_terence,
          uniq_crazy_yiuf_cottage

Skill      XL: |  1  2 |
---------------+-------+-----
Earth Magic    | 4 |  4.0
Dodging        | |  2.4
Stealth        | |  2.4
Spellcasting   | |  3.5
Transmutations | |  1.1

Action                   || total
-------------------------++-------
Melee: Short sword       ||    35
       Punch             ||     1
 Cast: Sandblast         ||    16
 Stab: Sleeping          ||     1
Armor: Robe              ||    11
Dodge: Dodged            ||    32
